 Dungeon Sprint DCSS version 0.30-a0-860-g512cf1e979 (webtiles) character file.

Game seed: 7703514038231799022

1412 rocky1 the Earth Mage (level 8, -6/41 HPs)
             Began as a Gargoyle Earth Elementalist on Mar 8, 2023.
             Was an Initiate of Gozag.
             Mangled by a two-headed ogre
             ... wielding a +0 giant spiked club
              (35 damage)
             ... in the Dungeon (Sprint III: "The Ten Rune Challenge").
             The game lasted 00:03:31 (1183 turns).

rocky1 the Earth Mage (Gargoyle Earth Elementalist) Turns: 1183, Time: 00:03:31

Health: -6/41      AC:  7    Str: 12    XL:     8   Next: 70%
Magic:  21/21      EV: 11    Int: 18    God:    Gozag
Gold:   288        SH:  0    Dex: 10    Spells: 17/25 levels left

rFire   . . .      SeeInvis .    l - +0 long sword (holy)
rCold   . . .      Faith    .    (no shield)
rNeg    + . .      Spirit   .    a - +0 robe
rPois   ∞          Reflect  .    (no helmet)
rElec   +          Rampage  .    (no cloak)
rCorr   .          NoTele   +    (no gloves)
Will    .....                    (no boots)
Stlth   ++                       (no amulet)
HPRegen 0.26/turn                (no ring)
MPRegen 0.17/turn                (no ring)

@: gold aura
A: sickness immunity, AC +5, negative energy resistance 1, electricity
resistance, torment resistance 1, petrification resistance
a: Renounce Religion, Potion Petition, Call Merchant, Bribe Branch


You were in the Dungeon.
You worshipped Gozag.
Gozag was aware of your devotion.
You visited 1 branch You collected 288 gold pieces.

Inventory:

Hand Weapons
 l - a +0 long sword of holy wrath (weapon)
Armour
 a - a +0 robe (worn)
Scrolls
 g - a scroll of blinking
 i - 2 scrolls of torment {unknown}
 j - 4 scrolls of identify
Potions
 b - a potion of magic
 c - a potion of curing
 d - 2 potions of heal wounds
 e - a potion of haste
 f - 3 potions of berserk rage
 h - 6 potions of mutation {unknown}
 k - a potion of flight {unknown}
 m - a potion of might


   Skills:
 - Level 1.5 Dodging
 - Level 2.1 Stealth
 + Level 9.0 Spellcasting
 + Level 9.3 Conjurations
 - Level 0.7 Transmutations
 + Level 3.2 Fire Magic
 * Level 16.1 Earth Magic


You had 17 spell levels left.
You knew the following spells:

 Your Spells              Type           Power      Damage    Failure   Level
a - Sandblast             Erth           100%       2d20      0%          1
b - Stone Arrow           Conj/Erth      100%       3d13      1%          3
c - Sticky Flame          Conj/Fire      30%        2d5       7%          4

Your spell library contained the following spells:

 Spells                   Type           Power      Damage    Failure   Level
 Passwall                 Tmut/Erth      31%        N/A       1%          2
 Petrify                  Tmut/Erth      38%        N/A       2%          4
 Sting                    Tmut/Pois      36%        1d4       8%          1
 Poisonous Vapours        Pois/Air       16%        N/A       13%         2
 Ignite Poison            Fire/Tmut/Pois 12%        N/A       16%         3
 Olgreb's Toxic Radiance  Pois           8%         N/A       65%         4
 Ignition                 Fire           9%         3d5       100%        8


Dungeon Overview and Level Annotations

Branches:
Dungeon (1/1)

Altars:
Cheibriados
Dithmenos
Elyvilon
Fedhas
Gozag
Hepliaklqana
Kikubaaqudgha
Makhleb
Nemelex Xobeh
Okawaru
Qazlal
Ru
Sif Muna
Trog
Uskayaw
Vehumet
Wu Jian
Xom
Yredelemnul
Zin
The Shining One
Jiyva
Lugonu


Innate Abilities, Weirdness & Mutations

You are immune to sickness and miasma.
Your stone body is resilient. (AC +5)
You are immune to poison.
You resist negative energy. (rN+)
You are resistant to electric shocks. (rElec)
You are resistant to unholy torment.
You are immune to petrification.


Message History

The stone arrow hits the two-headed ogre!!
The two-headed ogre is heavily wounded.
The two-headed ogre hits you with a +0 giant club.
The two-headed ogre barely misses you.
Aiming: Stone Arrow (safe; 1% risk of failure)
Press: ? - help, Q - select action, (/) - cycle Shift-Dir - straight line, f/p - two-headed ogre
Aim: a two-headed ogre, wielding two +0 giant clubs (heavily wounded, 89% to hit)
The stone arrow hits the two-headed ogre!
The two-headed ogre is severely wounded.
Casting: Stone Arrow (safe; 1% risk of failure)
Confirm with . or Enter, or press ? or * to list all spells.
Aiming: Sandblast (safe; 0% risk of failure)
Press: ? - help, Shift-Dir - straight line, f/p - two-headed ogre
Aim: a two-headed ogre, wielding two +0 giant clubs (severely wounded, 93% to hit)
The blast of sand hits the two-headed ogre!
You kill the two-headed ogre!
Your Fire Magic skill increases to level 3!
Casting: Sandblast (safe; 0% risk of failure)
Confirm with . or Enter, or press ? or * to list all spells.
Aiming: Sandblast (safe; 0% risk of failure)
Press: ? - help, Shift-Dir - straight line, f - two-headed ogre
Aim: a two-headed ogre, wielding a +0 giant spiked club and a +0 giant club (93% to hit)
The blast of sand hits the two-headed ogre!
The two-headed ogre is moderately wounded.
The two-headed ogre barely misses you.
The two-headed ogre hits you with a +0 giant club.
Casting: Sandblast (safe; 0% risk of failure)
Confirm with . or Enter, or press ? or * to list all spells.
Aiming: Sandblast (safe; 0% risk of failure)
Press: ? - help, Shift-Dir - straight line, f/p - two-headed ogre
Aim: a two-headed ogre, wielding a +0 giant spiked club and a +0 giant club (moderately wounded, 93% to hit)
The blast of sand hits the two-headed ogre.
The two-headed ogre is moderately wounded.
The two-headed ogre hits you with a +0 giant spiked club.
The two-headed ogre closely misses you. Magic courses through your body.
The two-headed ogre hits you with a +0 giant spiked club!!
Ouch! That really hurt!
You die...
Your body crumbles into a pile of gold.

♣♣..###'#'###'##
♣...#..........#$ $
.♣..'.⌠........# $$
$$$ ~...#...######.#
$ $ ....#.⌠.#__#...#
# ....#...#__#...#
#.#
....#'###__#...## ..
....#)).#__#...'##.#
....#___#__'...#@O.#
▓▓▓▓▓▓▓▓▓▓▓▓▓▓▓▓▓▓▓▓
$$ $


You could see a two-headed ogre.

Vanquished Creatures
  A deep elf pyromancer (D)
  A shadow (D)
  A spatial vortex (D)
  2 two-headed ogres (D)
  A necrophage (D)
  A scorpion (D)
  A water elemental (D)
  A jelly (D)
  A wizard (D)
  A necromancer (D)
  3 humans (D)
  A kobold demonologist (D)
  4 rats (D)
19 creatures vanquished.

Notes
Turn   | Place    | Note
-------+----------+-------------------------------------------
     0 | D        | rocky1 the Gargoyle Earth Elementalist began the quest for
                  | the Orb.
     0 | D        | Reached XP level 1. HP: 10/10 MP: 3/3
     3 | D        | Reached skill level 4 in Earth Magic
    72 | D        | Noticed a scorpion
    80 | D        | Killed a scorpion
    81 | D        | Reached skill level 8 in Earth Magic
    81 | D        | Reached XP level 2. HP: 10/15 MP: 0/7
    81 | D        | Reached XP level 3. HP: 13/19 MP: 0/8
    81 | D        | Reached XP level 4. HP: 16/24 MP: 0/10
   170 | D        | Learned a level 3 spell: Stone Arrow
   183 | D        | Reached skill level 1 in Conjurations
   433 | D        | Noticed a water elemental
   438 | D        | Killed a water elemental
   439 | D        | Reached skill level 5 in Spellcasting
   439 | D        | Reached skill level 9 in Earth Magic
   439 | D        | Reached XP level 5. HP: 28/28 MP: 7/12
   643 | D        | Found a radiant altar of Vehumet.
   643 | D        | Found a shimmering blue altar of Sif Muna.
   643 | D        | Found an ancient bone altar of Kikubaaqudgha.
   645 | D        | Reached skill level 10 in Earth Magic
   660 | D        | Learned a level 4 spell: Sticky Flame
   677 | D        | Found a glowing silver altar of Zin.
   677 | D        | Found a glowing golden altar of the Shining One.
   677 | D        | Found a white marble altar of Elyvilon.
   677 | D        | Noticed a deep elf pyromancer
   681 | D        | Killed a deep elf pyromancer
   682 | D        | Reached skill level 14 in Earth Magic
   682 | D        | Reached XP level 6. HP: 26/32 MP: 9/16
   682 | D        | Reached XP level 7. HP: 29/36 MP: 10/18
   740 | D        | Noticed a shadow
   747 | D        | Killed a shadow
   945 | D        | Found a blossoming altar of Fedhas.
   945 | D        | Found a stormy altar of Qazlal.
   945 | D        | Found a snail-covered altar of Cheibriados.
   945 | D        | Found a burning altar of Makhleb.
   945 | D        | Found a shimmering altar of Xom.
   946 | D        | Found a hazy altar of Hepliaklqana.
   946 | D        | Found an opulent altar of Gozag.
   946 | D        | Found a sparkling altar of Nemelex Xobeh.
   946 | D        | Found a corrupted altar of Lugonu.
   946 | D        | Found a viscous altar of Jiyva.
   946 | D        | Noticed a spatial vortex
   948 | D        | Killed a spatial vortex
   949 | D        | Reached skill level 15 in Earth Magic
   949 | D        | Reached XP level 8. HP: 41/41 MP: 17/20
   953 | D        | Became a worshipper of Gozag Ym Sagoz the Greedy
  1068 | D        | Found a basalt altar of Yredelemnul.
  1068 | D        | Found a shadowy altar of Dithmenos.
  1068 | D        | Found a sacrificial altar of Ru.
  1073 | D        | Reached skill level 1 in Fire Magic
  1088 | D        | Found a hide-covered altar of Uskayaw.
  1088 | D        | Found an iron altar of Okawaru.
  1088 | D        | Found a bloodstained altar of Trog.
  1088 | D        | Found an ornate altar of the Wu Jian Council.
  1177 | D        | Reached skill level 16 in Earth Magic
  1183 | D        | Mangled by a two-headed ogre

Illustrated notes

Levels and vault maps discovered:
D:        dungeon_sprint_mu [sprint_mu_entry_forest, sprint_mu_temple_rooms,
          sprint_mu_d1_spiders, sprint_mu_d2_genie, sprint_mu_d3_branching,
          sprint_mu_orc_legion, sprint_mu_elf_gauntlet, sprint_mu_hive_nellie,
          sprint_mu_lair_fedhas, sprint_mu_vaults_butterflies,
          sprint_mu_slime_circle, sprint_mu_swamp_cave, sprint_mu_shoals_kraken,
          sprint_mu_blade_basic, sprint_mu_crypt_lich, sprint_mu_tomb_spiral,
          sprint_mu_vestibule_basic, sprint_mu_gehenna_hellfire,
          sprint_mu_dis_giant, sprint_mu_tartarus_statrot,
          sprint_mu_cocytus_islands, sprint_mu_zot1]

Skill      XL: |  1  2  3  4  5  6  7  8 |
---------------+-------------------------+-----
Earth Magic    | 8 9 14 15 16 | 16.1
Spellcasting   | 4 5 7 8 9 |  9.0
Conjurations   | 3 7 8 9 |  9.3
Fire Magic     | 3 |  3.2
Dodging        | |  1.5
Stealth        | |  2.1
Transmutations | |  0.7

Action                     |  1- 3 |  4- 6 |  7- 9 || total
---------------------------+-------+-------+-------++-------
   Cast: Sandblast         |    10 |    14 |    16 ||    40
         Stone Arrow       |       |       |    10 ||    10
    Use: Potion            |     1 |       |     1 ||     2
 Armour: Robe              |     2 |       |     4 ||     6
  Dodge: Dodged            |     3 |     3 |     8 ||    14

Table legend: (Time is in decaauts)
 A = Elapsed time spent in this place.
 B = Non-inter-level travel time spent in this place.
 C = Inter-level travel time spent in this place.
 D = Time resting spent in this place.
 E = Time spent auto-exploring this place.
 F = Levels seen in this place.
 G = Mean time per level.
                   A        B        C        D        E       F      G
               +--------+--------+--------+--------+--------+-----+--------+
         Total |   1202 |   1202 |      0 |    919 |      0 |   1 | 1202.0 |
       Dungeon |   1202 |   1202 |      0 |    919 |      0 |   1 | 1202.0 |
               +--------+--------+--------+--------+--------+-----+--------+

Top non-repeatable levels by time:
       D: 1202 daAuts
